 Dungeon Crawl Stone Soup version 0.27.1-3-gb3d3a73c9e (webtiles) character file.

Game seed: 8937606449892435969

3285 Eitelfritz the Zephyrmancer (level 10, -8/52 HPs)
             Began as a Tengu Air Elementalist on Oct 12, 2021.
             Was an Initiate of Vehumet.
             Killed from afar by an acid dragon (12 damage)
             ... with a splash of acid
             ... on level 8 of the Dungeon.
             The game lasted 00:39:13 (10607 turns).

Eitelfritz the Zephyrmancer (TeAE)                 Turns: 10607, Time: 00:39:14

Health: -8/52      AC: 11    Str:  9    XL:     10   Next: 1%
Magic:  19/21      EV: 15    Int: 19    God:    Vehumet [......]
Gold:   123        SH:  0    Dex: 14    Spells: 6/23 levels left

rFire    . . .     SeeInvis .   a - +0 quarterstaff (spect)
rCold    + . .     Faith    .   (shield currently unavailable)
rNeg     . . .     Spirit   .   x - +3 leather armour {rC+}
rPois    +         Reflect  .   (helmet restricted)
rElec    .         Harm     .   k - +1 cloak
rCorr    .         Rampage  .   j - +2 pair of gloves
Will     +....                  (boots unavailable)
Stlth    ++........             (no amulet)
HPRegen  0.17/turn              r - ring of poison resistance
MPRegen  0.17/turn              n - ring of willpower

@: flying quickly and evasively, quick
A: beak, talons 3, nimble flight
a: Renounce Religion


You were on level 8 of the Dungeon.
You worshipped Vehumet.
Vehumet was noncommittal.
You visited 2 branches of the dungeon, and saw 9 of its levels.

You collected 351 gold pieces.
You spent 228 gold pieces at shops.

Inventory:

Hand Weapons
 a - a +0 spectral quarterstaff (weapon)
Missiles
 e - 14 poisoned darts (quivered)
 q - 2 throwing nets
Armour
 j - a +2 pair of gloves (worn)
 k - a +1 cloak (worn)
 x - a +3 leather armour of cold resistance (worn)
Jewellery
 b - a ring of protection from cold
 g - a ring of positive energy
 n - a ring of willpower (right hand)
 r - a ring of poison resistance (left hand)
 t - a ring of see invisible
Wands
 m - a wand of flame (18)
Scrolls
 c - a scroll of fog
 i - a scroll of teleportation
Potions
 d - 9 potions of curing
 f - a potion of magic
 h - 3 potions of lignification
 l - 4 potions of attraction
 o - 3 potions of might
 p - a potion of haste
 s - a potion of flight {unknown}
 u - a potion of mutation {unknown}
 v - a potion of ambrosia {unknown}
 w - a potion of berserk rage {unknown}


   Skills:
 + Level 1.5 Fighting
 + Level 3.1 Staves
 + Level 2.2 Throwing
 + Level 3.8 Armour
 + Level 3.8 Dodging
 + Level 3.4 Stealth
 + Level 7.1 Spellcasting
 + Level 8.4 Conjurations
 + Level 2.2 Fire Magic
 + Level 8.8 Air Magic
 + Level 0.4 Evocations


You had 6 spell levels left.
You knew the following spells:

 Your Spells              Type           Power      Damage    Failure   Level
a - Shock                 Conj/Air       100%       1d9       1%          1
b - Static Discharge      Conj/Air       39%        N/A       1%          2
c - Swiftness             Air            40%        N/A       1%          3
d - Foxfire               Conj/Fire      100%       2x1d9     1%          1
e - Conjure Flame         Conj/Fire      27%        6-21      4%          3
f - Airstrike             Air            20%        N/A       3%          4
g - Inner Flame           Hex/Fire       11%        N/A       26%         3

Your spell library contained the following spells:

 Spells                   Type           Power      Damage    Failure   Level
 Petrify                  Tmut/Erth      6%         N/A       80%         4
 Metabolic Englaciation   Hex/Ice        3%         N/A       98%         5
 Statue Form              Tmut/Erth      4%         N/A       100%        6


Dungeon Overview and Level Annotations

Branches:
Dungeon (8/15)             Temple (1/1) D:6
   Lair: D:8-11

Altars:
Ashenzari
Cheibriados
Dithmenos
Elyvilon
Fedhas
Gozag
Kikubaaqudgha
Makhleb
Nemelex Xobeh
Okawaru
Qazlal
Ru
Sif Muna
Trog
Uskayaw
Vehumet
Wu Jian
Xom
Yredelemnul
Zin
The Shining One
Beogh

Shops:
D:4 [

Annotations:
D:3 Grinder


Innate Abilities, Weirdness & Mutations

You have a beak for a mouth.
You have claws for feet.
Your magical nature lets you fly swiftly and evasively.


Message History

Press: ? - help, Shift-Dir - straight line The zap hits the shadow imp but does no damage.
The zap misses the shadow imp.
Unknown command.
The shadow imp hits you but does no damage.
You hit the shadow imp. You claw the shadow imp.
You kill the shadow imp!
Vehumet accepts your kill.
u - a murky inky potion
Found 8 gold pieces.
Found a stone staircase leading down.
You now have 123 gold pieces (gained 8).
An acid dragon comes into view.
Casting: Shock (safe; 1% risk of failure)
Confirm with . or Enter, or press ? or * to list all spells.
The fire begins to smoulder!
The fire ignites!
The acid dragon roars!
The acid dragon spits acid at you. The splash of acid hits you!
You are splashed with acid!
Casting: Conjure Flame (dangerous; 4% risk of failure)
Confirm with . or Enter, or press ? or * to list all spells.
The fire begins to smoulder!
The fire ignites!
Casting: Conjure Flame (dangerous; 4% risk of failure)
Confirm with . or Enter, or press ? or * to list all spells.
Aiming: Shock (safe; 1% risk of failure)
Press: ? - help, Shift-Dir - straight line, f - acid dragon
Aim: an acid dragon (74% to hit)
The zap hits the acid dragon.
The acid dragon is lightly wounded.
The acid dragon spits acid at you. The splash of acid hits you!
* * * LOW HITPOINT WARNING * * *
You are splashed with acid!
* * * LOW HITPOINT WARNING * * *
There is a stone staircase leading down here.
The acid dragon spits acid at you. The splash of acid hits you!
You die...

#.....D.# #.#####.#
#.# #.# #######D#
###D#
#.....#.###...#
#.........#...#
#.........#...####
#.........#.......
#....@...........D
#.......####........
#####...............
#.........######
#.........###
#............
#.........#
#.........# ##
#.........#...


You could see an acid dragon (catching breath).

Vanquished Creatures
  A two-headed ogre (D:7)
  Joseph (D:8)
  A kobold demonologist (D:8)
  A steam dragon (D:7)
  An orc warrior (D:7)
  2 necrophages
  A black bear (D:6)
  An ice beast (D:6)
  A sky beast (D:7)
  A centaur (D:7)
  2 phantoms
  A kobold brigand (D:5)
  A scorpion (D:5)
  A water moccasin zombie (D:5)
  A gnoll sergeant (D:7)
  A wyvern skeleton (D:5)
  A howler monkey (D:5)
  3 bullfrog zombies
  3 gnoll shamans
  A hound (D:5)
  Jessica (D:2)
  2 iguanas (D:5)
  Natasha (D:2)
  6 orc wizards
  A howler monkey zombie (D:8)
  15 gnolls
  7 adders
  3 shadow imps
  2 ufetubi
  An adder skeleton (D:4)
  A worm (D:2)
  3 dart slugs
  35 orcs
  8 endoplasms
  2 giant cockroaches
  10 goblins
  6 hobgoblins
  4 jackals (D:1)
  11 kobolds
  6 quokkas
  8 ball pythons
  8 bats
  3 frilled lizards
  9 rats
179 creatures vanquished.

Vanquished Creatures (others)
  60 foxfires
60 creatures vanquished.

Grand Total: 239 creatures vanquished

Notes
Turn   | Place    | Note
-------+----------+-------------------------------------------
     0 | D:1      | Eitelfritz the Tengu Air Elementalist began the quest for
                  | the Orb.
     0 | D:1      | Reached XP level 1. HP: 10/10 MP: 4/4
   124 | D:1      | Reached XP level 2. HP: 11/15 MP: 0/6
   764 | D:1      | Reached XP level 3. HP: 19/19 MP: 5/7
  1190 | D:2      | Reached skill level 5 in Air Magic
  1492 | D:2      | Reached XP level 4. HP: 18/24 MP: 2/9
  2022 | D:2      | Learned a level 2 spell: Static Discharge
  2026 | D:2      | Learned a level 3 spell: Swiftness
  2099 | D:2      | Noticed Jessica
  2101 | D:2      | Killed Jessica
  2164 | D:2      | Gained mutation: Your magical nature lets you fly swiftly
                  | and evasively. [Tengu growth]
  2164 | D:2      | Reached XP level 5. HP: 28/28 MP: 8/10
  2338 | D:2      | Found a faded altar of an unknown god.
  2629 | D:2      | Noticed Natasha
  2637 | D:2      | Killed Natasha
  2968 | D:3      | Found a glowing silver altar of Zin.
  3605 | D:3      | Noticed Grinder
  3673 | D:3      | Found a radiant altar of Vehumet.
  4279 | D:4      | Learned a level 1 spell: Foxfire
  4283 | D:4      | Learned a level 3 spell: Conjure Flame
  4302 | D:4      | Reached XP level 6. HP: 33/33 MP: 7/12
  4345 | D:4      | Noticed a necrophage
  4473 | D:4      | Killed a necrophage
  4474 | D:4      | Reached skill level 1 in Fire Magic
  4511 | D:4      | Found Leichaku's Antique Armour Boutique.
  4640 | D:4      | Reached skill level 1 in Armour
  4652 | D:4      | Found an ancient bone altar of Kikubaaqudgha.
  5466 | D:4      | Bought a spiked leather armour for 133 gold pieces
  5466 | D:4      | Identified the +1 leather armour of Distant Worlds {Harm}
                  | (You bought it in a shop on level 4 of the Dungeon)
  5488 | D:5      | Entered Level 5 of the Dungeon
  5506 | D:5      | Reached XP level 7. HP: 36/37 MP: 8/14
  5509 | D:5      | Reached skill level 5 in Conjurations
  6049 | D:5      | Found a shimmering blue altar of Sif Muna.
  6718 | D:5      | Learned a level 4 spell: Airstrike
  6779 | D:5      | Reached XP level 8. HP: 42/42 MP: 11/16
  6783 | D:5      | Reached skill level 5 in Spellcasting
  7011 | D:6      | Found a staircase to the Ecumenical Temple.
  7219 | D:6      | Identified the +0 scale mail "Ribe" {rPois Regen+ Str-2}
  7884 | Temple   | Entered the Ecumenical Temple
  8248 | D:3      | Became a worshipper of Vehumet
  8564 | D:4      | Bought a dyed leather armour for 95 gold pieces
  8602 | D:4      | Learned a level 3 spell: Inner Flame
  8759 | D:7      | Reached skill level 1 in Fighting
  8759 | D:7      | Reached skill level 1 in Staves
  8759 | D:7      | Reached XP level 9. HP: 5/47 MP: 0/19
  9071 | D:7      | Noticed a two-headed ogre
  9202 | D:7      | Killed a two-headed ogre
  9369 | D:7      | Reached skill level 1 in Throwing
  9428 | D:7      | Found a shimmering altar of Xom.
  9978 | D:7      | Found an ornate altar of the Wu Jian Council.
 10206 | D:8      | Noticed Joseph
 10213 | D:8      | Killed Joseph
 10304 | D:8      | Noticed a kobold demonologist
 10339 | D:8      | Killed a kobold demonologist
 10340 | D:8      | Reached XP level 10. HP: 27/52 MP: 12/21
 10511 | D:8      | Found a burning altar of Makhleb.
 10594 | D:8      | HP: 2/52 [acid (12)]
 10607 | D:8      | Killed from afar by an acid dragon

Illustrated notes

Levels and vault maps discovered:
D:1:      evilmike_arrival_hilbert_curve, layout_rooms, minmay_split_cup_large
D:2:      layout_loops_ring, hellmonk_ecumenical_altar_defaced_shrine,
          uniq_jessica, uniq_natasha
D:3:      layout_basic, fiery_altar_vehumet, zin_treasury, uniq_grinder
D:4:      layout_cave_pools, lemuel_tele_altar, serial_shops, shop,
          feat_on_display
D:5:      layout_basic, nicolae_sif_muna_condensation, serial_park_tiny_2,
          minmay_misc_feat_five, kennysheep_small_circle
D:6:      layout_loops_cross, temple_pool_b
D:7:      wander_river, layout_basic, pdpol_wu_jian_five_deadly_venoms,
          xom_teletrap_fun
D:8:      layout_basic, nzn_hepliaklqana_mist_gate, bloody_makhleb, uniq_joseph
Temple:   dpeg_chambers_temple

Skill      XL: |  1  2  3  4  5  6  7  8  9 |
---------------+----------------------------+-----
Conjurations   | 2 3 4 6 7 8 |  8.4
Air Magic      | 5 6 7 8 |  8.8
Spellcasting   | 3 4 6 7 |  7.1
Fire Magic     | 1 2 |  2.2
Armour         | 1 2 3 |  3.8
Dodging        | 3 |  3.8
Stealth        | 3 |  3.4
Fighting       | 1 |  1.5
Staves         | 1 3 |  3.1
Throwing       | 2 |  2.2
Evocations     | |  0.4

Action                   |  1- 3 |  4- 6 |  7- 9 | 10-12 || total
-------------------------+-------+-------+-------+-------++-------
Melee: Unarmed           |     2 |       |       |       ||     2
       Quarterstaff      |       |       |    78 |     1 ||    79
       Kick              |       |       |    19 |     1 ||    20
       Peck              |       |       |    12 |       ||    12
Throw: Dart              |       |       |     6 |       ||     6
 Cast: Shock             |    80 |   168 |   132 |     2 ||   382
       Static Discharge  |       |     4 |    33 |       ||    37
       Foxfire           |       |    18 |    18 |       ||    36
       Conjure Flame     |       |       |    10 |     2 ||    12
       Airstrike         |       |       |     2 |       ||     2
Evoke: Wand              |       |       |     2 |       ||     2
  Use: Potion            |     1 |       |       |       ||     1
       Scroll            |       |     4 |    10 |     1 ||    15
 Stab: Sleeping          |       |       |     2 |       ||     2
       Distracted        |       |       |     2 |       ||     2
Armor: Robe              |     5 |       |       |       ||     5
       Leather armour    |       |     7 |    48 |     1 ||    56
Dodge: Dodged            |    10 |    30 |    78 |       ||   118
